 Dungeon Crawl Stone Soup version 0.19.5 (webtiles) character file.

709 GEC the Archer (level 7, -3/59 HPs)
             Began as a Centaur Hunter on Apr 3, 2017.
             Was an Initiate of Dithmenos.
             Killed from afar by an orc wizard (5 damage)
             ... with a puff of frost
             ... on level 5 of the Dungeon on Apr 4, 2017.
             The game lasted 00:44:39 (4843 turns).

GEC the Archer (Centaur Hunter)                     Turns: 4843, Time: 00:44:40

Health: -3/59      AC:  6    Str: 16 (17) XL:     7   Next: 40%
Magic:  7/7        EV:  9    Int:  9 (10) God:    Dithmenos [......]
Gold:   169        SH:  0    Dex: 10 (11) Spells: 0 memorised, 6 levels left

rFire  . . .     SeeInvis .     b - +0 short sword
rCold  . . .     Gourm    .     c - +1 leather armour
rNeg   . . .     Faith    +     (no shield)
rPois  .         Spirit   .     (no helmet)
rElec  .         Reflect  .     l - +0 cloak
rCorr  .         Harm     .     (no gloves)
MR     .....                    (no barding)
Stlth  ..........               x - amulet of faith
                                (no ring)
                                D - +2 ring of strength

@: confused, lethally poisoned (-3 -> -4), very quick
A: hooves 3, deformed body, speed 2, tough skin 3
a: Renounce Religion


You were on level 5 of the Dungeon.
You worshipped Dithmenos.
Dithmenos was noncommittal.
You were not hungry.

You visited 2 branches of the dungeon, and saw 7 of its levels.

You collected 169 gold pieces.

Inventory:

Hand Weapons
 a - a +1 shortbow
 b - a +0 short sword (weapon)
Missiles
 m - 7 arrows
 w - 3 tomahawks (quivered)
Armour
 c - a +1 leather armour (worn)
 l - a +0 cloak (worn)
Jewellery
 x - an amulet of faith (around neck)
 D - a +2 ring of strength (left hand)
Wands
 s - a wand of hasting (2/9)
Scrolls
 o - a scroll of blinking
 q - a scroll of identify
 v - 3 scrolls of remove curse
 y - 2 scrolls of fog
 A - 2 scrolls of recharging {unknown}
Potions
 e - 2 potions of curing
Comestibles
 d - a chunk of flesh
 f - 3 bread rations
 g - 2 meat rations
 B - a beef jerky


   Skills:
 + Level 4.0 Fighting
 + Level 0.3 Short Blades
 + Level 9.7 Bows
 + Level 0.7 Throwing
 + Level 1.8 Armour
 + Level 1.9 Dodging
 + Level 0.9 Stealth


You had 6 spell levels left.
You didn't know any spells.

Dungeon Overview and Level Annotations

Branches:
Dungeon (6/15)             Temple (1/1) D:4

Altars:
Ashenzari
Cheibriados
Dithmenos
Fedhas
Gozag
Kikubaaqudgha
Okawaru
Ru
Sif Muna
Trog
Vehumet
Xom
Yredelemnul
The Shining One

Annotations:
D:5 Grinder
D:6 antares's ghost, novice MfGl


Innate Abilities, Weirdness & Mutations

You have hooves in place of feet.
Armour fits poorly on your strangely shaped body.
You cover ground very quickly.
You have extremely tough skin. (AC +3)


Message History

You feel sick.
Some of the chunks of flesh in your inventory have rotted away.
Found a scroll of immolation.
You feel sick.
The orc wizard points at you and mumbles some strange words.
You are confused.
An orc wizard comes into view. It is wielding a dagger.
The orc wizard shouts!
The orc wizard points at you and mumbles some strange words.
The puff of flame hits you!
* * * LOW HITPOINT WARNING * * *
You miss the water moccasin.
The water moccasin is moderately wounded.
The water moccasin completely misses you.
The water moccasin bites you but does no damage.
You bump into the rock wall.
You feel sick.
The water moccasin bites you but does no damage.
The orc wizard points at you and mumbles some strange words.
The puff of frost hits you!
You die...

##..........
#............
#.........?..
#............
#............ #####
#....o.......
....#########........o..
....#>..................
....#.....o....S@......#
..............#####.#.##
....#.........# #
......######### .#.#
....#..### ... ....
######...## # #.. ....
###..# ###.... .....
##.## ####.oo.#. .....
#.o###....#..#.##..n..


You could see a water moccasin and 3 orc wizards.

Vanquished Creatures
  2 ogres (D:4)
  A centaur (D:5)
  A hound (D:4)
  2 iguanas (D:4)
  3 worker ants (D:4)
  Ijyb (D:2)
  Terence (D:2)
  A centaur skeleton (D:4)
  An orc wizard (D:3)
  10 adders
  3 worms (D:2)
  3 dart slugs
  3 leopard geckos
  8 orcs
  10 bats
  6 giant cockroaches
  12 goblins
  8 hobgoblins
  5 jackals
  7 kobolds
  A quokka (D:4)
  3 frilled lizards
  2 jackal skeletons
  7 rats
101 creatures vanquished.

Notes
Turn   | Place    | Note
-------+----------+-------------------------------------------
     0 | D:1      | GEC the Centaur Hunter began the quest for the Orb.
     0 | D:1      | Reached XP level 1. HP: 17/17 MP: 1/1
   194 | D:1      | Reached XP level 2. HP: 24/24 MP: 2/2
   685 | D:1      | Reached skill level 6 in Bows
  1261 | D:2      | Reached XP level 3. HP: 29/29 MP: 3/3
  1394 | D:2      | Found a shadowy altar of Dithmenos.
  1636 | D:2      | Reached XP level 4. HP: 37/37 MP: 4/4
  1865 | D:2      | Reached skill level 7 in Bows
  2257 | D:3      | Noticed Terence
  2257 | D:3      | Noticed Ijyb
  2310 | D:2      | Killed Terence
  2379 | D:3      | Reached XP level 5. HP: 42/42 MP: 5/5
  2500 | D:2      | Killed Ijyb
  2500 | D:2      | Reached skill level 8 in Bows
  3208 | D:4      | Noticed an ogre
  3254 | D:4      | Killed an ogre
  3254 | D:4      | Reached skill level 1 in Armour
  3254 | D:4      | Reached XP level 6. HP: 28/51 MP: 6/6
  3751 | D:4      | Found a staircase to the Ecumenical Temple.
  3770 | Temple   | Entered the Ecumenical Temple
  3958 | Temple   | Became a worshipper of Dithmenos the Shadowed
  4007 | D:4      | Reached skill level 9 in Bows
  4561 | D:4      | Reached XP level 7. HP: 58/58 MP: 7/7
  4614 | D:5      | Entered Level 5 of the Dungeon
  4803 | D:6      | Noticed antares's ghost (novice MfGl)
  4818 | D:5      | Noticed Grinder
  4843 | D:5      | HP: 2/59 [poisoned by a water moccasin]
  4843 | D:5      | Killed from afar by an orc wizard

Skill      XL: |  1  2  3  4  5  6  7 |
---------------+----------------------+-----
Bows           | 6 7 8 9 |  9.7
Fighting       | 3 4 |  4.0
Armour         | 1 |  1.8
Short Blades   | |  0.3
Throwing       | |  0.7
Dodging        | |  1.9
Stealth        | |  0.9

Action                   |  1- 3 |  4- 6 |  7- 9 || total
-------------------------+-------+-------+-------++-------
Melee: Shortbow          |    38 |     4 |     5 ||    47
       Kick              |     8 |     8 |    12 ||    28
       Short sword       |       |    35 |    46 ||    81
       Unarmed           |       |     1 |       ||     1
 Fire: Shortbow          |   124 |   206 |     4 ||   334
Throw: Tomahawk          |       |     4 |     1 ||     5
  Use: Scroll            |     2 |     6 |     1 ||     9
       Potion            |       |     7 |     3 ||    10
  Eat: Chunk             |     1 |     7 |     1 ||     9
Armor: Leather armour    |    51 |    52 |    24 ||   127
Dodge: Dodged            |    57 |    65 |    47 ||   169
